 Dungeon Crawl Stone Soup version 0.27.0 (webtiles) character file.

Game seed: 14963527038625310075

163 shoop the Magician (level 5, -7/37 HPs)
             Began as a Djinni Venom Mage on July 31, 2021.
             Was a Believer of Lugonu.
             Killed from afar by Ijyb (22 damage)
             ... with an iceblast
             ... on level 3 of the Dungeon.
             The game lasted 00:07:32 (3329 turns).

shoop the Magician (Djinni Venom Mage)              Turns: 3329, Time: 00:07:33

Health: -7/37      AC:  3    Str: 13    XL:     5   Next: 73%
Gold:   113        EV: 12    Int: 17    God:    Lugonu [**....] SH:  0 Dex: 14

rFire    + + .     SeeInvis +   o - +4 quarterstaff (chaos)
rCold    x . .     Faith    .   (shield currently unavailable)
rNeg     . . .     Spirit   .   a - +0 robe
rPois    ∞         Reflect  .   (no helmet)
rElec    .         Harm     .   p - +0 cloak
rCorr    .         Rampage  .   (no gloves)
Will     .....                  (boots unavailable)
Stlth    ++........             (no amulet)
HPRegen  0.12/turn              s - ring of see invisible
MPRegen  0.00/turn              q - +6 ring of strength

@: flying
A: sickness immunity, fire resistance 2, cold vulnerability 1, float, innate
caster, hp casting, extra vitality 1
a: Renounce Religion, Depart the Abyss, Bend Space


You were on level 3 of the Dungeon.
You worshipped Lugonu.
Lugonu was pleased with you.
You visited 1 branch of the dungeon, and saw 3 of its levels.

You collected 113 gold pieces.

Inventory:

Hand Weapons
 c - a +0 mace
 m - a +1 spear of flaming
 o - a +4 quarterstaff of chaos (weapon)
Armour
 a - a +0 robe (worn)
 p - a +0 cloak (worn)
 t - a +1 pair of gloves
Magical Staves
 d - a staff of death
Jewellery
 q - a +6 ring of strength (right hand)
 s - a ring of see invisible (left hand)
Scrolls
 b - 2 scrolls of identify {unknown}
 e - a scroll of vulnerability {unknown}
 f - a scroll of enchant armour {unknown}
 h - a scroll of blinking {unknown}
 i - a scroll of fog {unknown}
 k - a scroll of acquirement {unknown}
 l - a scroll of magic mapping {unknown}
 r - a scroll of silence {unknown}
Potions
 g - 2 potions of might {unknown}
 j - 2 potions of heal wounds {unknown}
 n - a potion of cancellation {unknown}


   Skills:
 + Level 1.5 Fighting
 - Level 2.1 Dodging
 - Level 2.0 Stealth
 * Level 4.0 Spellcasting
 + Level 1.4 Invocations


You couldn't memorise any spells.
You knew the following spells:

 Your Spells              Type           Power      Damage    Failure   Level
a - Sting                 Tmut/Pois      68%        1d6       3%          1
b - Poisonous Vapours     Pois/Air       34%        N/A       4%          2
c - Mephitic Cloud        Conj/Pois/Air  17%        N/A       9%          3
d - Olgreb's Toxic Radia  Pois           17%        N/A       30%         4
e - Corona                Hex            18%        N/A       3%          1
f - Slow                  Hex            17%        N/A       4%          2
Your spell library was empty.

Dungeon Overview and Level Annotations

Branches:
Dungeon (3/15)

Altars:
Trog
Lugonu

Annotations:
D:3 Grinder, Ijyb


Innate Abilities, Weirdness & Mutations

You are immune to sickness and miasma.
You are immune to poison.
Your flesh is very heat resistant. (rF++)
You are vulnerable to cold. (rC-)
You float through the air rather than walking.
You learn spells naturally, not from books.
Your magical power is your life essence.
You have superior vitality. (+4 HP)


Message History

Lugonu accepts your kill.
You see here a +0 glaive.
There is a large open door here.
Things that are here:
a +0 dagger; 5 stones; a kobold corpse You see here a +0 scale mail.
You reach down and open the door.
There is an open door here.
Found a stone staircase leading down.
Ijyb the Twisted Goblin comes into view.
She is wielding a +0 club and carrying a wand of iceblast (7).
Ijyb shouts!
Ijyb moves out of view.
Casting: Sting (safe; 3% risk of failure)
Confirm with . or Enter, or press ? or * to list all spells.
Okay, then.
Casting: Sting (safe; 3% risk of failure)
Confirm with . or Enter, or press ? or * to list all spells.
Aiming: Poisonous Vapours (safe; 4% risk of failure)
Press: ? - help, Dir - move target, f - Ijyb
Aim: Ijyb, wielding a +0 club, wearing a +0 leather armour and carrying a wand of iceblast (7) Poisonous vapours surround Ijyb!
Ijyb is poisoned.
Casting: Poisonous Vapours (safe; 4% risk of failure)
Confirm with . or Enter, or press ? or * to list all spells.
Aiming: Poisonous Vapours (safe; 4% risk of failure)
Press: ? - help, Dir - move target, f/p - Ijyb
Aim: Ijyb, wielding a +0 club, wearing a +0 leather armour and carrying a wand of iceblast (7) (lightly wounded, poisoned) Poisonous vapours surround Ijyb!
Ijyb looks even sicker.
Casting: Poisonous Vapours (safe; 4% risk of failure)
Confirm with . or Enter, or press ? or * to list all spells.
Aiming: Poisonous Vapours (safe; 4% risk of failure)
Press: ? - help, Dir - move target, f/p - Ijyb
Aim: Ijyb, wielding a +0 club, wearing a +0 leather armour and carrying a wand of iceblast (7) (lightly wounded, very poisoned) Poisonous vapours surround Ijyb!
Ijyb looks even sicker.
Ijyb screams, "Die!"
Ijyb zaps a wand.
The mass of ice explodes!
The iceblast engulfs you!
You feel a painful chill!
Ijyb zaps a wand.
The mass of ice explodes!
The iceblast engulfs you!!
You feel a painful chill!
Ouch! That really hurt!
You die...

...........##..........
..........['...........
########...###.........
≈≈≈≈≈≈≈#...# #...#####
♣♣..♣♣≈#.).###...#
♣♣..♣♣≈#.........#########
..))...'.....#.#.........#
..[)...'.......+>......###
♣♣..♣♣≈###...#.#@.....##
♣♣..♣♣≈###...#.#.....##
≈≈≈≈≈≈≈#.............#
########.............#
...............#
...............#
......g.........#
.....###+####### .....


You could see Ijyb (very poisoned).

Vanquished Creatures
  A scorpion (D:3)
  Crazy Yiuf (D:2)
  An adder (D:2)
  A worm (D:3)
  2 dart slugs
  3 orcs (D:3)
  2 bats (D:3)
  6 endoplasms
  4 goblins
  6 hobgoblins
  4 jackals (D:1)
  4 quokkas
  7 ball pythons
  6 frilled lizards
  3 kobolds
  2 rats (D:2)
53 creatures vanquished.

Notes
Turn   | Place    | Note
-------+----------+-------------------------------------------
     0 | D:1      | shoop the Djinni Venom Mage began the quest for the Orb.
     0 | D:1      | Reached XP level 1. HP: 15/15 MP: 0/0
   168 | D:1      | Reached XP level 2. HP: 20/21 MP: 0/0
   751 | D:1      | Reached skill level 3 in Spellcasting
   751 | D:1      | Reached XP level 3. HP: 25/25 MP: 0/0
   751 | D:1      | Learned a level 1 spell: Corona
   934 | D:1      | Found a faded altar of an unknown god.
   937 | D:1      | Became a worshipper of Lugonu the Unformed
   937 | D:1      | Reached * piety under Lugonu
   937 | D:1      | Reached ** piety under Lugonu
  1673 | D:2      | Reached XP level 4. HP: 27/31 MP: 0/0
  1740 | D:2      | Found a runed translucent door.
  1741 | D:2      | Noticed Crazy Yiuf
  2331 | D:2      | Killed Crazy Yiuf
  2618 | D:3      | Noticed a scorpion
  2639 | D:3      | Killed a scorpion
  2640 | D:3      | Reached skill level 1 in Fighting
  2640 | D:3      | Reached skill level 1 in Invocations
  2640 | D:3      | Reached XP level 5. HP: 31/37 MP: 0/0
  2640 | D:3      | Learned a level 2 spell: Slow
  2816 | D:3      | Reached skill level 4 in Spellcasting
  2941 | D:3      | Found a bloodstained altar of Trog.
  3049 | D:3      | Noticed Grinder
  3321 | D:3      | Noticed Ijyb
  3329 | D:3      | Killed from afar by Ijyb

Illustrated notes

Levels and vault maps discovered:
D:1:      minmay_arrival_jagged, layout_rooms, chequers_ecumenical_altar_grove
D:2:      layout_loops_ring, uniq_crazy_yiuf_cottage
D:3:      layout_basic, lemuel_crystal_altar, grunt_ministairs_7,
          kennysheep_generic_room_5, uniq_ijyb, uniq_grinder

Skill      XL: |  1  2  3  4  5 |
---------------+----------------+-----
Stealth        | 2 |  2.0
Spellcasting   | 3 4 |  4.0
Fighting       | 1 |  1.5
Invocations    | 1 |  1.4
Dodging        | |  2.1

Action                   |  1- 3 |  4- 6 || total
-------------------------+-------+-------++-------
Melee: Mace              |    19 |     8 ||    27
       Quarterstaff      |       |    12 ||    12
 Cast: Sting             |    45 |    37 ||    82
       Mephitic Cloud    |       |     2 ||     2
       Poisonous Vapours |       |     3 ||     3
Armor: Robe              |     2 |     2 ||     4
Dodge: Dodged            |    21 |    26 ||    47
